 Dungeon Crawl Stone Soup version 0.26.1-11-gd32895ea62 (webtiles) character file.

Game seed: 11846376694271904568

5804 Renzlar the Blocker (level 10, 82/82 HPs)
             Began as a Gnoll Fighter on Mar 31, 2021.
             Was a Believer of Okawaru.
             Quit the game on level 8 of the Dungeon on Apr 19, 2021.
             The game lasted 00:42:37 (10380 turns).

Renzlar the Blocker (Gnoll Fighter)                Turns: 10380, Time: 00:42:38

Health: 82/82      AC: 19    Str: 27    XL:     10   Next: 79%
Magic:  18/18      EV: 11    Int: 11    God:    Okawaru [**....]
Gold:   706        SH: 15    Dex: 15    Spells: 20/20 levels left

rFire    x . .     SeeInvis .   z - +4 long sword
rCold    x x x     Faith    .   D - +3 kite shield
rNeg     . . .     Spirit   +   y - +0 chain mail
rPois    .         Reflect  .   B - +0 helmet
rElec    x         Harm     .   H - +0 cloak
rCorr    .         Rampage  .   (no gloves)
Will     .....                  x - +0 pair of boots
Stlth    ..........             s - amulet of guardian spirit
HPRegen  0.23/turn              e - +6 ring of strength
MPRegen  0.16/turn              o - ring "Xaro" {rF+ AC+4}

@: studying Polearms
A: distributed training, fangs 1, [cold vulnerability 3], [heat vulnerability
2], [electricity vulnerability], strong nose
a: Renounce Religion, Heroism


You were on level 8 of the Dungeon.
You worshipped Okawaru.
Okawaru was pleased with you.
You visited 2 branches of the dungeon, and saw 10 of its levels.
You also visited: Bailey.

You collected 706 gold pieces.

Inventory:

Hand Weapons
 a - a +1 war axe
 f - a +0 hunting sling
 g - a +0 morningstar
 r - a +1 dagger of venom
 z - a +4 long sword (weapon)
Missiles
 j - 132 stones
 n - 66 bolts
 w - 5 poisoned darts (quivered)
 A - 70 sling bullets
Armour
 x - a +0 pair of boots (worn)
 y - a +0 chain mail (worn)
 B - a +0 helmet (worn)
 D - a +3 kite shield (worn)
 H - a +0 cloak (worn)
Jewellery
 e - a +6 ring of strength (left hand)
 m - an uncursed ring of positive energy
 o - the ring "Xaro" (right hand) {rF+ AC+4}
   (You found it in a bailey)

   [ring of protection]

   It affects your AC (+4).
   It protects you from fire.
 s - an amulet of guardian spirit (around neck)
 G - an uncursed ring of see invisible
Wands
 b - a wand of acid (2)
 k - a wand of polymorph (20)
 q - a wand of enslavement (8)
 F - a wand of disintegration (15)
Scrolls
 i - 5 scrolls of identify
 t - a scroll of enchant weapon
 u - 5 scrolls of teleportation
 v - 5 scrolls of remove curse
 E - a scroll of enchant armour
Potions
 d - 2 potions of might
 h - 5 potions of flight
 l - a potion of mutation
Books
 C - a manual of Polearms


   Skills:
 + Level 8.7 Fighting
 + Level 5.6 Short Blades
 + Level 5.6 Long Blades
 + Level 7.3 Axes
 + Level 5.6 Maces & Flails
 + Level 7.0 Polearms
 + Level 5.6 Staves
 + Level 5.6 Slings
 + Level 5.6 Bows
 + Level 5.6 Crossbows
 + Level 5.6 Throwing
 + Level 8.7 Armour
 + Level 5.6 Dodging
 + Level 5.6 Stealth
 + Level 8.7 Shields
 + Level 5.6 Unarmed Combat
 + Level 5.6 Spellcasting
 + Level 4.6 Conjurations
 + Level 4.6 Hexes
 + Level 4.6 Summonings
 + Level 4.6 Necromancy
 + Level 4.6 Translocations
 + Level 4.6 Transmutations
 + Level 4.6 Fire Magic
 + Level 4.6 Ice Magic
 + Level 4.6 Air Magic
 + Level 4.6 Earth Magic
 + Level 4.6 Poison Magic
 + Level 6.1 Invocations
 + Level 5.6 Evocations


You had 20 spell levels left.
You didn't know any spells.
Your spell library contained the following spells:

 Spells                   Type           Power        Failure   Level
 Confusing Touch          Hex            13%          67%         3
 Gell's Gravitas          Tloc           6%           67%         3
 Petrify                  Tmut/Erth      13%          97%         4
 Metabolic Englaciation   Hex/Ice        6%           100%        5
 Yara's Violent Unravell  Hex/Tmut       6%           100%        5


Dungeon Overview and Level Annotations

Branches:
Dungeon (9/15)             Temple (1/1) D:4          Bailey (visited)
   Lair: D:8-11         Orc: D:9-12

Altars:
Ashenzari
Cheibriados
Dithmenos
Elyvilon
Fedhas
Gozag
Hepliaklqana
Kikubaaqudgha
Makhleb
Nemelex Xobeh
Okawaru
Qazlal
Ru
Sif Muna
Trog
Uskayaw
Vehumet
Wu Jian
Xom
Yredelemnul
Zin
The Shining One

Shops:
D:7 (


Innate Abilities, Weirdness & Mutations

Your experience applies equally to all skills.
You have very sharp teeth.
Your uncanny sense of smell can sniff out nearby items.
[You are extremely vulnerable to cold. (rC---)]
[You are very vulnerable to heat. (rF--)]
[You are vulnerable to electric shocks.]


Message History

The sky beast is heavily wounded.
The sky beast hits you but does no damage.
You closely miss the sky beast.
The sky beast is heavily wounded.
You block the sky beast's attack.
The sky beast hits you but does no damage.
You miss the sky beast.
The sky beast is heavily wounded.
You block the sky beast's attack.
You slash the sky beast!
The sky beast is almost dead.
The sky beast flickers out of sight!
Deactivating autopickup; reactivate with Ctrl-A.
Something hits you but does no damage.
You closely miss something. You block something's attack.
You slash something! Okawaru accepts your kill.
Reactivating autopickup.
You feel a bit more experienced.
Are you sure you want to abandon this character and quit the game? (Confirm with "yes".) ...#.......# ♣.# ...#.......# PP#

...#.......# P.#
...#.......# P.#
####.......# P.#
##########
♣♣♣#########♣♣.#
#.........
P♣P♣.♣♣♣..♣♣..#
#.########
P.P.P♣P...♣P♣P####
#.# #
....P.P....P....@#
#.# #
...............#.#
#.# #
.##..........###.#
#.# #
###..............#
#.# #
.#...#############
#.# # ...#.# #.# #
####.# #.# # #.#
############.# #
#.# #............#
#


There were no monsters in sight!

Vanquished Creatures
  A spark wasp (D:8)
  Harold (D:8)
  Erica (D:8)
  2 fire crabs (D:8)
  Psyche (D:8)
  2 rime drakes (D:8)
  A wind drake (D:8)
  Prince Ribbit (D:8)
  An air elemental (D:8)
  A basilisk (D:8)
  Duvessa (D:6)
  A black bear (D:6)
  6 orc warriors
  An ice beast (D:7)
  4 sky beasts
  A hornet zombie (D:8)
  A necrophage (D:5)
  3 ogres
  5 centaurs
  3 bullfrogs
  2 gnoll sergeants (D:8)
  A scorpion (D:6)
  4 howler monkeys
  5 hounds
  8 orc priests
  9 orc wizards
  2 bullfrog skeletons
  2 gnoll shamans (D:8)
  2 iguanas
  Natasha (D:2)
  5 worker ants
  Terence (D:2)
  A killer bee zombie (D:8)
  6 adders
  15 gnolls
  A howler monkey skeleton (D:7)
  3 white imps
  3 ufetubi
  4 oozes
  An adder skeleton (D:5)
  2 worms
  3 dart slugs
  6 leopard geckos
  61 orcs
  7 bats
  5 giant cockroaches
  13 hobgoblins
  14 jackals
  2 quokkas
  3 ball pythons
  A ball python skeleton (D:5)
  4 frilled lizards
  6 goblins
  9 kobolds
  A leopard gecko skeleton (D:4)
  A quokka skeleton (D:6)
  14 rats
266 creatures vanquished.

Vanquished Creatures (others)
  An orc (D:8)
  A fungus (D:3)
  2 plants (D:8)
4 creatures vanquished.

Grand Total: 270 creatures vanquished

Notes
Turn   | Place    | Note
-------+----------+-------------------------------------------
     0 | D:1      | Renzlar the Gnoll Fighter began the quest for the Orb.
     0 | D:1      | Reached XP level 1. HP: 23/23 MP: 1/1
   134 | D:1      | Reached XP level 2. HP: 29/29 MP: 2/2
   282 | D:1      | Reached XP level 3. HP: 35/35 MP: 3/3
   365 | D:1      | Reached skill level 1 in Invocations
   640 | D:1      | Reached skill level 1 in Short Blades
   640 | D:1      | Reached skill level 1 in Long Blades
   640 | D:1      | Reached skill level 1 in Maces & Flails
   640 | D:1      | Reached skill level 1 in Polearms
   640 | D:1      | Reached skill level 1 in Staves
   640 | D:1      | Reached skill level 1 in Slings
   640 | D:1      | Reached skill level 1 in Bows
   640 | D:1      | Reached skill level 1 in Crossbows
   640 | D:1      | Reached skill level 1 in Throwing
   640 | D:1      | Reached skill level 1 in Dodging
   640 | D:1      | Reached skill level 1 in Stealth
   640 | D:1      | Reached skill level 1 in Unarmed Combat
   640 | D:1      | Reached skill level 1 in Spellcasting
   640 | D:1      | Reached skill level 1 in Evocations
   909 | D:2      | Found a sparkling altar of Nemelex Xobeh.
   927 | D:2      | Reached XP level 4. HP: 40/41 MP: 5/5
  1134 | D:2      | Noticed Natasha
  1140 | D:2      | Killed Natasha
  1204 | D:2      | Reached skill level 1 in Conjurations
  1204 | D:2      | Reached skill level 1 in Hexes
  1204 | D:2      | Reached skill level 1 in Summonings
  1204 | D:2      | Reached skill level 1 in Necromancy
  1204 | D:2      | Reached skill level 1 in Translocations
  1204 | D:2      | Reached skill level 1 in Transmutations
  1204 | D:2      | Reached skill level 1 in Fire Magic
  1204 | D:2      | Reached skill level 1 in Ice Magic
  1204 | D:2      | Reached skill level 1 in Air Magic
  1204 | D:2      | Reached skill level 1 in Earth Magic
  1204 | D:2      | Reached skill level 1 in Poison Magic
  1251 | D:2      | Noticed Terence
  1256 | D:2      | Killed Terence
  1333 | D:2      | Reached XP level 5. HP: 47/47 MP: 6/6
  1956 | D:3      | Found a white marble altar of Elyvilon.
  2461 | D:4      | Reached XP level 6. HP: 53/53 MP: 8/8
  2689 | D:4      | Reached skill level 5 in Axes
  2760 | D:4      | Found an opulent altar of Gozag.
  2870 | D:4      | Reached XP level 7. HP: 57/59 MP: 10/10
  2961 | D:4      | Found a sacrificial altar of Ru.
  2963 | D:4      | Found a broken altar of Ashenzari.
  2963 | D:4      | Found a blossoming altar of Fedhas.
  2972 | D:4      | Found a shimmering altar of Xom.
  2972 | D:4      | Found a bloodstained altar of Trog.
  2972 | D:4      | Found a shadowy altar of Dithmenos.
  3342 | D:4      | Found a staircase to the Ecumenical Temple.
  3348 | Temple   | Entered the Ecumenical Temple
  3400 | Temple   | Became a worshipper of Qazlal Stormbringer
  3520 | D:5      | Entered Level 5 of the Dungeon
  3628 | D:5      | Reached * piety under Qazlal
  3736 | D:5      | Reached XP level 8. HP: 20/67 MP: 12/12
  4532 | D:5      | Found a broken altar of Ashenzari.
  4649 | D:5      | Upgraded the game from 0.26.1-2-gb8aa6d0cf2 to
                  | 0.26.1-10-gdfb7c7de75
  5116 | D:6      | Noticed Duvessa
  5124 | D:6      | Killed Duvessa
  5304 | D:6      | Reached XP level 9. HP: 73/73 MP: 14/14
  5792 | D:6      | Found a hazy altar of Hepliaklqana.
  6103 | D:7      | Found Tigudolam's Weapon Emporium.
  6191 | D:7      | Found a sacrificial altar of Ru.
  6195 | D:7      | Found a flagged portal.
  6205 | Bailey   | Entered a bailey
  6260 | Bailey   | Reached ** piety under Qazlal
  6280 | Bailey   | Got an ancient gossamer ring
  6282 | Bailey   | Identified the ring "Xaro" {rF+ AC+4} (You found it in a
                  | bailey)
  6436 | D:7      | Reached skill level 5 in Polearms
  6661 | D:7      | Found an iron altar of Okawaru.
  6804 | D:7      | Fell from the grace of Qazlal
  6804 | D:7      | Became a worshipper of Warmaster Okawaru
  6917 | D:6      | Found a radiant altar of Vehumet.
  7135 | D:7      | Found a stormy altar of Qazlal.
  7482 | D:8      | Found a blossoming altar of Fedhas.
  7684 | D:8      | Reached skill level 5 in Invocations
  7934 | D:8      | Noticed Psyche
  7947 | D:8      | Killed Psyche
  7947 | D:8      | Reached * piety under Okawaru
  7948 | D:8      | Reached XP level 10. HP: 69/80 MP: 13/17
  7956 | D:8      | Upgraded the game from 0.26.1-10-gdfb7c7de75 to
                  | 0.26.1-11-gd32895ea62
  8146 | D:8      | Noticed Harold
  8170 | D:8      | Killed Harold
  8171 | D:8      | Reached skill level 5 in Short Blades
  8171 | D:8      | Reached skill level 5 in Long Blades
  8171 | D:8      | Reached skill level 5 in Maces & Flails
  8171 | D:8      | Reached skill level 5 in Staves
  8171 | D:8      | Reached skill level 5 in Slings
  8171 | D:8      | Reached skill level 5 in Bows
  8171 | D:8      | Reached skill level 5 in Crossbows
  8171 | D:8      | Reached skill level 5 in Throwing
  8171 | D:8      | Reached skill level 5 in Dodging
  8171 | D:8      | Reached skill level 5 in Stealth
  8171 | D:8      | Reached skill level 5 in Unarmed Combat
  8171 | D:8      | Reached skill level 5 in Spellcasting
  8171 | D:8      | Reached skill level 5 in Evocations
  8294 | D:8      | Noticed Erica
  8347 | D:8      | Noticed a spark wasp
  8356 | D:8      | Reached ** piety under Okawaru
  8373 | D:8      | Killed a spark wasp
  8941 | D:8      | Killed Erica
  9135 | D:8      | Noticed a fire crab
  9154 | D:8      | Killed a fire crab
  9160 | D:8      | Noticed a fire crab
  9164 | D:8      | HP: 2/82 [air elemental/tornado[the adversity of Qazlal]
                  | (4)]
  9166 | D:8      | Killed a fire crab
  9170 | D:8      | HP: 2/82 [wind drake/the air[the adversity of Qazlal] (8)]
  9696 | D:8      | Noticed Prince Ribbit
 10162 | D:8      | Killed Prince Ribbit
 10380 | D:8      | Quit the game

Illustrated notes

Levels and vault maps discovered:
D:1:      minmay_arrival_stair_chambers, layout_loops_ring, minmay_statues_item,
          st_stairs_5, chequers_serial_rivers_small_3, minmay_pentomino_o4
D:2:      layout_loops_ring, nemelex_xobeh_ov_fountains_minmay, uniq_natasha,
          uniq_terence
D:3:      layout_basic, elyvilon_altar_1
D:4:      layout_basic, doesnt_xom_only_xom, lemuel_crystal_altar,
          minmay_temple_entry_fiery
D:5:      layout_basic, lemuel_round_altar
D:6:      lemuel_upstairs_altar, layout_gridville, nzn_hepliaklqana_mist_gate,
          minmay_manual_mares, uniq_duvessa
D:7:      layout_basic, nicolae_ru_great_annihilating_truth,
          lemuel_coloured_pillars_altar, enter_bailey_6, serial_shops,
          nicolae_shop_crystal, chequers_serial_rivers_small_a,
          nicolae_qazlal_eye_of_the_storm
D:8:      kennysheep_housing_project, layout_basic, lemuel_round_altar,
          special_room [special_room_orc], uniq_erica, uniq_psyche, uniq_harold,
          uniq_prince_ribbit1
D:9:      layout_long_grid, nicolae_dithmenos_through_a_glass_darkly,
          serial_shops, shop
Temple:   cyrus_circular_temple

Skill      XL: |  1  2  3  4  5  6  7  8  9 10 |
---------------+-------------------------------+-----
Invocations    | 1 2 3 4 5 6 |  6.1
Short Blades   | 1 2 3 4 5 |  5.6
Long Blades    | 1 2 3 4 5 |  5.6
Maces & Flails | 1 2 3 4 5 |  5.6
Polearms       | 1 2 3 5 7 |  7.0
Staves         | 1 2 3 4 5 |  5.6
Slings         | 1 2 3 4 5 |  5.6
Bows           | 1 2 3 4 5 |  5.6
Crossbows      | 1 2 3 4 5 |  5.6
Throwing       | 1 2 3 4 5 |  5.6
Dodging        | 1 2 3 4 5 |  5.6
Stealth        | 1 2 3 4 5 |  5.6
Unarmed Combat | 1 2 3 4 5 |  5.6
Spellcasting   | 1 2 3 4 5 |  5.6
Evocations     | 1 2 3 4 5 |  5.6
Conjurations   | 1 2 3 4 |  4.6
Hexes          | 1 2 3 4 |  4.6
Summonings     | 1 2 3 4 |  4.6
Necromancy     | 1 2 3 4 |  4.6
Translocations | 1 2 3 4 |  4.6
Transmutations | 1 2 3 4 |  4.6
Fire Magic     | 1 2 3 4 |  4.6
Ice Magic      | 1 2 3 4 |  4.6
Air Magic      | 1 2 3 4 |  4.6
Earth Magic    | 1 2 3 4 |  4.6
Poison Magic   | 1 2 3 4 |  4.6
Axes           | 5 6 7 |  7.3
Fighting       | 7 8 |  8.7
Armour         | 7 8 |  8.7
Shields        | 7 8 |  8.7

Action                   |  1- 3 |  4- 6 |  7- 9 | 10-12 || total
-------------------------+-------+-------+-------+-------++-------
Melee: War axe           |    72 |   156 |   295 |    95 ||   618
       Bite              |     8 |    22 |    41 |    34 ||   105
       Long sword        |       |       |       |    95 ||    95
       Broad axe         |       |       |       |    35 ||    35
 Fire: Hunting sling     |       |       |       |    44 ||    44
Throw: Stone             |     3 |     3 |    47 |    18 ||    71
       Dart              |       |       |     3 |     9 ||    12
Invok: Heroism           |       |       |       |     3 ||     3
  Use: Scroll            |       |     5 |    11 |     2 ||    18
       Potion            |       |       |     6 |     4 ||    10
 Stab: Invisible         |       |       |    10 |       ||    10
       Paralysed         |       |       |     1 |       ||     1
Armor: Scale mail        |    15 |    15 |       |       ||    30
       Chain mail        |       |    14 |   136 |    92 ||   242
       Skin              |       |       |       |    49 ||    49
Dodge: Dodged            |    19 |    69 |   188 |    60 ||   336
Block: Kite shield       |    34 |    83 |   320 |   175 ||   612
       Rpst.: Long sword |       |       |       |    11 ||    11
